 Dungeon Sprint DCSS version 0.31-a0-366-ga77b45bd9b (webtiles) character file.

Game seed: 9536930683563391872

179 Conn the Firebug (level 5, 0/31 HPs)
             Began as an Octopode Fire Elementalist on July 28, 2023.
             Was an Initiate of Sif Muna.
             Slain by a spriggan
             ... wielding a +0 short sword
              (13 damage)
             ... in the Dungeon (Sprint IV: "Fedhas' Mad Dash").
             The game lasted 00:05:01 (398 turns).

Conn the Firebug (Octopode Fire Elementalist)        Turns: 398, Time: 00:05:01

Health: 0/31       AC:  1    Str:  8    XL:     5   Next: 59%
Magic:  4/13       EV: 14    Int: 19    God:    Sif Muna [......]
Gold:   54         SH:  0    Dex: 12    Spells: 5/15 levels left

rFire   . . .        g - +0 short sword
rCold   . . .        (no shield)
rNeg    . . .        (helmet restricted)
rPois   .            e - amulet of invisibility {+Inv}
rElec   .            (no ring)
rCorr   .            (no ring)
SInv    .            (no ring)
Will    .....        (no ring)
Stlth   ++++         (no ring)
HPRegen 0.25/turn    (no ring)
MPRegen 0.13/turn    (no ring)
                     (no ring)

%: no teleportation
@: very slightly contaminated, invisible
A: almost no armour, amphibious, 8 rings, camouflage 1, gelatinous body 1,
(nimble swimmer 1), tentacles
a: Renounce Religion, Evoke Invisibility


You were in the Dungeon.
You worshipped Sif Muna.
Sif Muna was noncommittal.
You visited 1 branch You collected 54 gold pieces.

Inventory:

Hand Weapons
 g - a +0 short sword (weapon)
Jewellery
 e - the amulet of invisibility (around mantle) {+Inv}
   (You found it in the Dungeon)

   [amulet of nothing]

   +Inv:      It lets you turn invisible.
Scrolls
 b - a scroll of revelation {unknown}
 f - a scroll of blinking
 h - a scroll of amnesia {unknown}
Potions
 a - 3 potions of magic
 c - a potion of heal wounds
 d - a potion of haste


   Skills:
 + Level 0.1 Fighting
 + Level 3.9 Dodging
 + Level 4.4 Stealth
 - Level 0.5 Unarmed Combat
 * Level 5.7 Spellcasting
 * Level 3.3 Conjurations
 + Level 7.7 Fire Magic
 + Level 1.8 Evocations


You had 5 spell levels left.
You knew the following spells:

 Your Spells              Type           Power      Damage    Failure   Level
a - Foxfire               Conj/Fire      100%       2x1d9     1%          1
b - Scorch                Fire           68%        2d7       1%          2
c - Inner Flame           Hex/Fire       20%        N/A       7%          3
d - Flame Wave            Conj/Fire      26%        2d8       12%         4

Your spell library contained the following spells:

 Spells                   Type           Power      Damage    Failure   Level
 Volatile Blastmotes      Fire/Tloc      40%        2d13      7%          3


Dungeon Overview and Level Annotations

Branches:
Dungeon (1/1)

Altars:
Cheibriados
Dithmenos
Elyvilon
Gozag
Hepliaklqana
Kikubaaqudgha
Makhleb
Nemelex Xobeh
Okawaru
Qazlal
Ru
Sif Muna
Trog
Uskayaw
Vehumet
Wu Jian
Xom
Yredelemnul
Zin
The Shining One
Jiyva
Lugonu


Innate Abilities, Weirdness & Mutations

You cannot wear most types of armour.
You are amphibious.
You can wear up to eight rings at the same time.
Your skin changes colour to match your surroundings (Stealth+).
Your rubbery body absorbs attacks. (AC +1, EV +1)
((You are camouflaged when in or above water. (Stealth+)))
You have tentacles for arms and can constrict up to eight enemies at once.


Message History

Unknown command.
Unknown command.
Unknown command.
Okay, then.
You open the door. 2 spriggans come into view.
The spriggan shouts! x2
A scorpion comes into view.
The spriggan moves out of view. x2
Found 10 gold pieces.
Casting: Scorch (safe; 1% risk of failure)
Confirm with . or Enter, or press ? or * to list all spells.
The spell is quite dangerous to miscast (7% risk of failure)!
Continue anyway?
Aiming: Inner Flame (quite dangerous; 7% risk of failure)
Press: ? - help, Dir - move target, f - scorpion
Aim: a scorpion (wandering, unable to see you, hasn't noticed you, chance to affect: 75%)
The scorpion is filled with an inner flame.
Casting: Inner Flame (quite dangerous; 7% risk of failure)
Confirm with . or Enter, or press ? or * to list all spells.
The spell is extremely dangerous to miscast (12% risk of failure)!
Continue anyway?
Casting: Flame Wave (extremely dangerous; 12% risk of failure)
Press: ? - help, Dir - look around, f - activate A wave of flame ripples out! (Press . to intensify the flame waves.) Unknown command.
A wave of flame ripples out!
The flame wave engulfs the spriggan!
The spriggan is almost dead.
The spriggan hits you with a +0 rapier!!
Ouch! That really hurt!
Unknown command.
A wave of flame ripples out!
The flame wave engulfs the spriggan!
You kill the spriggan!
Sif Muna accepts your kill.
The flame wave engulfs the scorpion.
Flame seeps out of the scorpion.
The scorpion is lightly wounded.
You finish channelling waves of flame.
The scorpion is engulfed in blazing flames.
Flame seeps out of the scorpion.
The spriggan hits you with a +0 short sword!
You die...

######################
#.⌠._._._._.⌠.#..i○..#
'.._._._._._..'.@#
#..._._._._...#..#
#.._._._._._..#..#
#._._._._._.⌠.####
###############


You could see a spriggan.

Vanquished Creatures
  A scorpion (D)
  3 oklob saplings (D)
  A spriggan (D)
  A river rat (D)
  A rat (D)
7 creatures vanquished.

Vanquished Creatures (collateral kills)
  A foxfire (D)
1 creature vanquished.

Vanquished Creatures (others)
  13 foxfires (D)
13 creatures vanquished.

Grand Total: 21 creatures vanquished

Notes
Turn   | Place    | Note
-------+----------+-------------------------------------------
     0 | D        | Conn the Octopode Fire Elementalist began the quest for the
                  | Orb.
     0 | D        | Reached XP level 1. HP: 11/11 MP: 3/3
    14 | D        | Reached skill level 4 in Fire Magic
    14 | D        | Reached XP level 2. HP: 2/17 MP: 0/5
    83 | D        | Noticed an oklob sapling
    86 | D        | Noticed a scorpion
    86 | D        | Found the amulet of invisibility {+Inv}
    94 | D        | Killed a scorpion
    95 | D        | Reached skill level 6 in Fire Magic
    95 | D        | Reached XP level 3. HP: 18/21 MP: 1/8
    95 | D        | Reached XP level 4. HP: 23/27 MP: 1/9
   172 | D        | Learned a level 2 spell: Scorch
   224 | D        | Found an opulent altar of Gozag.
   224 | D        | Found a hazy altar of Hepliaklqana.
   224 | D        | Found a burning altar of Makhleb.
   224 | D        | Found a sparkling altar of Nemelex Xobeh.
   224 | D        | Found a snail-covered altar of Cheibriados.
   224 | D        | Found a sacrificial altar of Ru.
   224 | D        | Found a shimmering blue altar of Sif Muna.
   224 | D        | Found a shimmering altar of Xom.
   224 | D        | Found a basalt altar of Yredelemnul.
   225 | D        | Found a viscous altar of Jiyva.
   225 | D        | Found a bloodstained altar of Trog.
   225 | D        | Found an ornate altar of the Wu Jian Council.
   225 | D        | Noticed an oklob sapling priest
   226 | D        | Found an iron altar of Okawaru.
   226 | D        | Found a glowing silver altar of Zin.
   226 | D        | Found a shadowy altar of Dithmenos.
   227 | D        | Found a hide-covered altar of Uskayaw.
   227 | D        | Found an ancient bone altar of Kikubaaqudgha.
   228 | D        | Found a stormy altar of Qazlal.
   228 | D        | Found a glowing golden altar of the Shining One.
   228 | D        | Found a white marble altar of Elyvilon.
   229 | D        | Found a radiant altar of Vehumet.
   229 | D        | Found a corrupted altar of Lugonu.
   232 | D        | Killed an oklob sapling priest
   233 | D        | Reached skill level 5 in Spellcasting
   233 | D        | Reached skill level 7 in Fire Magic
   233 | D        | Reached skill level 1 in Evocations
   233 | D        | Reached XP level 5. HP: 31/31 MP: 4/12
   234 | D        | Became a worshipper of Sif Muna the Loreminder
   262 | D        | Learned a level 3 spell: Inner Flame
   267 | D        | Learned a level 4 spell: Flame Wave
   398 | D        | Slain by a spriggan

Illustrated notes

Levels and vault maps discovered:
D:        dungeon_sprint_fedhas [sprint_temple]

Skill      XL: |  1  2  3  4  5 |
---------------+----------------+-----
Stealth        | 3 4 |  4.4
Fire Magic     | 4 6 7 |  7.7
Dodging        | 3 |  3.9
Spellcasting   | 3 5 |  5.7
Conjurations   | 2 3 |  3.3
Evocations     | 1 |  1.8
Fighting       | |  0.1
Unarmed Combat | |  0.5

Action                     |  1- 3 |  4- 6 || total
---------------------------+-------+-------++-------
  Melee: Unarmed           |     5 |       ||     5
         Constrict         |     2 |       ||     2
   Cast: Foxfire           |     7 |       ||     7
         Scorch            |       |    10 ||    10
         Inner Flame       |       |     1 ||     1
         Flame Wave        |       |     1 ||     1
Ability: Evoke Invisibilit |       |     4 ||     4
    Use: Potion            |     2 |       ||     2
  Dodge: Dodged            |     3 |     1 ||     4

Table legend: (Time is in decaauts)
 A = Elapsed time spent in this place.
 B = Non-inter-level travel time spent in this place.
 C = Inter-level travel time spent in this place.
 D = Time resting spent in this place.
 E = Time spent auto-exploring this place.
 F = Levels seen in this place.
 G = Mean time per level.
                   A        B        C        D        E       F      G
               +--------+--------+--------+--------+--------+-----+--------+
         Total |    405 |    405 |      0 |    246 |      0 |   1 |  405.0 |
       Dungeon |    405 |    405 |      0 |    246 |      0 |   1 |  405.0 |
               +--------+--------+--------+--------+--------+-----+--------+

Top non-repeatable levels by time:
       D: 405 daAuts
